| TOP OF THE 1ST |
|
Dayton Dragons batting - Pitching for South Bend Cubs : RHP Angel Pesina
|
|
Pitching: RHP Angel Pesina
|
|
|
Batting: RHB Alex de Leon
|
0-0: Ball 1-0: Swinging Strike 1-1: Called Strike 1-2: Ball 2-2: Foul Ball, location: 2F 2-2: Strikes out looking
|
|
Batting: SHB Jaivata Mohanty
|
0-0: Called Strike 0-1: Ball 1-1: Swinging Strike 1-2: Strikes out looking
|
|
Batting: RHB Alex Villagomez
|
0-0: Ball 1-0: Foul Ball, location: 2F 1-1: Ball 2-1: Ball 3-1: Swinging Strike 3-2: Foul Ball, location: 2F 3-2: Foul Ball, location: 2F 3-2: Base on Balls
|
|
Pitching: LHP Dusty Blubaugh
|
|
|
Batting: LHB Chris Redhead
|
0-0: Foul Ball, location: 2F 0-1: Called Strike 0-2: Foul Ball, location: 2F 0-2: Fly out, F7 (Flyball, 78M, EV 80.6 MPH)
|
| Top of the 1st over - 0 runs, 0 hits, 0 errors, 1 left on base; Dayton 0 - South Bend 0 |
| BOTTOM OF THE 1ST |
|
South Bend Cubs batting - Pitching for Dayton Dragons : LHP Jason St. Clair
|
|
Pitching: LHP Jason St. Clair
|
|
|
Batting: RHB Dan Orozco
|
0-0: Called Strike 0-1: Ball 1-1: Called Strike 1-2: Foul Ball, location: 2F 1-2: Foul Ball, location: 2F 1-2: Ball 2-2: Fly out, F9 (Flyball, 89D, EV 100.0 MPH)
|
|
Batting: RHB Adrian Cox
|
0-0: Ball 1-0: DOUBLE (Flyball, 8RXD, EV 92.5 MPH)
|
|
Batting: RHB Erik Smith
|
0-0: Called Strike 0-1: Swinging Strike 0-2: Ball 1-2: Ball 2-2: Strikes out looking
|
|
Batting: RHB Mike Stein
|
0-0: Ball 1-0: Ground out 6-3 (Groundball, 6S, EV 73.1 MPH)
|
| Bottom of the 1st over - 0 runs, 1 hit, 0 errors, 1 left on base; Dayton 0 - South Bend 0 |
| TOP OF THE 2ND |
|
Dayton Dragons batting - Pitching for South Bend Cubs : LHP Dusty Blubaugh
|
|
Batting: RHB Juan Zamora
|
0-0: Ground out 1-3 (Groundball, 25, EV 60.0 MPH)
|
|
Batting: RHB Jon Marquez
|
0-0: Called Strike 0-1: Ball 1-1: Ball 2-1: Ground out 6-3 (Groundball, 6, EV 91.9 MPH)
|
|
Batting: RHB Alex Juarez
|
0-0: Ball 1-0: Ball 2-0: Ball 3-0: Called Strike 3-1: Base on Balls
|
|
Batting: RHB Nick Cottrell
|
0-0: Called Strike Alex Juarez is caught stealing 2nd base 2-4
|
| Top of the 2nd over - 0 runs, 0 hits, 0 errors, 0 left on base; Dayton 0 - South Bend 0 |
| BOTTOM OF THE 2ND |
|
South Bend Cubs batting - Pitching for Dayton Dragons : LHP Jason St. Clair
|
|
Batting: RHB Mike Hill
|
0-0: Ball 1-0: Ball 2-0: Ball 3-0: Called Strike 3-1: Swinging Strike 3-2: Foul Ball, location: 2F 3-2: Foul Ball, location: 2F 3-2: Base on Balls
|
|
Batting: RHB Bill Holmes
|
0-0: SINGLE (Flyball, 89S, EV 88.8 MPH) Mike Hill to second
|
|
Batting: RHB Josh Burns
|
0-0: Ball 1-0: Called Strike 1-1: Swinging Strike 1-2: Grounds into double play, 4-6-3 (Groundball, 4M, EV 81.2 MPH) Mike Hill to third
|
|
Batting: RHB Ryan Bush
|
0-0: Called Strike 0-1: Called Strike 0-2: Ball 1-2: Ball 2-2: Ground out 4-3 (Groundball, 34, EV 86.9 MPH)
|
| Bottom of the 2nd over - 0 runs, 1 hit, 0 errors, 1 left on base; Dayton 0 - South Bend 0 |
| TOP OF THE 3RD |
|
Dayton Dragons batting - Pitching for South Bend Cubs : LHP Dusty Blubaugh
|
|
Batting: RHB Nick Cottrell
|
0-0: Ball 1-0: Foul Ball, location: 2F 1-1: Foul Ball, location: 2F 1-2: Reached on error, E4 (Groundball, 4S, EV 88.1 MPH)
|
|
Batting: RHB John Hopkins
|
0-0: Ball 1-0: Reached on error, E5 (Groundball, 25, EV 88.8 MPH) Nick Cottrell to second
|
|
Batting: RHB Alex de Leon
|
0-0: Called Strike 0-1: Swinging Strike 0-2: Foul Ball, location: 2F 0-2: Ball 1-2: Ball 2-2: Fielders Choice at 2nd, 3-6 (Groundball, 13, EV 86.9 MPH) Nick Cottrell to third
|
|
Batting: SHB Jaivata Mohanty
|
0-0: Ball Alex de Leon steals 2nd base 1-0: Ball 2-0: Foul Ball, location: 2F 2-1: Foul Ball, location: 2F 2-2: Strikes out swinging
|
|
Batting: RHB Alex Villagomez
|
0-0: Called Strike 0-1: Ball 1-1: Foul Ball, location: 2F 1-2: Foul Ball, location: 2F 1-2: Foul Ball, location: 2F 1-2: Ball 2-2: Ball 3-2: SINGLE (Line Drive, 8RS, EV 91.2 MPH) Nick Cottrell scores Alex de Leon to third Runner from 3rd tries for Home, SAFE, throw by CF to home
|
|
Batting: LHB Chris Redhead
|
0-0: Ball 1-0: Ball 2-0: Ball 3-0: Called Strike 3-1: Base on Balls Alex Villagomez to second
|
|
Pitching: RHP Andrew Dopp
|
|
|
Batting: RHB Juan Zamora
|
0-0: Called Strike 0-1: SINGLE (Groundball, 56D, EV 94.4 MPH) Alex Villagomez to third Chris Redhead to second Runner from 3rd tries for Home, SAFE, throw by LF to home
|
|
Batting: RHB Jon Marquez
|
0-0: Ball 1-0: Fielders Choice at 2nd, 6-4 (Groundball, 6, EV 85.6 MPH)
|
| Top of the 3rd over - 3 runs, 2 hits, 2 errors, 2 left on base; Dayton 3 - South Bend 0 |
| BOTTOM OF THE 3RD |
|
South Bend Cubs batting - Pitching for Dayton Dragons : LHP Jason St. Clair
|
|
Batting: RHB Victor Ramirez
|
0-0: Foul Ball, location: 2F 0-1: Ball 1-1: Ball 2-1: Ground out 4-3 (Groundball, 4, EV 88.8 MPH)
|
|
Batting: RHB Dan Orozco
|
0-0: Called Strike 0-1: Swinging Strike 0-2: Strikes out looking
|
|
Batting: RHB Adrian Cox
|
0-0: Fly out, F7 (Line Drive, 7, EV 107.5 MPH)
|
| Bottom of the 3rd over - 0 runs, 0 hits, 0 errors, 0 left on base; Dayton 3 - South Bend 0 |
| TOP OF THE 4TH |
|
Dayton Dragons batting - Pitching for South Bend Cubs : RHP Andrew Dopp
|
|
Batting: RHB Alex Juarez
|
0-0: Ball 1-0: Called Strike 1-1: Called Strike 1-2: Ball 2-2: Foul Ball, location: 2F 2-2: Strikes out swinging
|
|
Batting: RHB Nick Cottrell
|
0-0: SINGLE (Groundball, 34D, EV 99.4 MPH)
|
|
Batting: RHB John Hopkins
|
0-0: Foul Ball, location: 2F 0-1: Ball 1-1: Ball 2-1: Fly out, F8 (Flyball, 89D, EV 92.5 MPH)
|
|
Batting: RHB Alex de Leon
|
0-0: Ball 1-0: Ball 2-0: Called Strike 2-1: Ball 3-1: Foul Ball, location: 2F 3-2: Foul Ball, location: 2F 3-2: Strikes out swinging
|
| Top of the 4th over - 0 runs, 1 hit, 0 errors, 1 left on base; Dayton 3 - South Bend 0 |
| BOTTOM OF THE 4TH |
|
South Bend Cubs batting - Pitching for Dayton Dragons : LHP Jason St. Clair
|
|
Batting: RHB Erik Smith
|
0-0: Called Strike 0-1: Ball 1-1: Ball 2-1: Swinging Strike 2-2: Ball 3-2: Strikes out looking
|
|
Batting: RHB Mike Stein
|
0-0: Called Strike 0-1: Called Strike 0-2: Ball 1-2: Ball 2-2: Strikes out looking
|
|
Batting: RHB Mike Hill
|
0-0: Foul Ball, location: 2F 0-1: Foul Ball, location: 2F 0-2: Ball 1-2: Ball 2-2: Strikes out swinging
|
| Bottom of the 4th over - 0 runs, 0 hits, 0 errors, 0 left on base; Dayton 3 - South Bend 0 |
| TOP OF THE 5TH |
|
Dayton Dragons batting - Pitching for South Bend Cubs : RHP Andrew Dopp
|
|
Batting: SHB Jaivata Mohanty
|
0-0: Called Strike 0-1: Foul Ball, location: 2F 0-2: Strikes out swinging
|
|
Pitching: LHP Mike Anderson
|
|
|
Batting: RHB Alex Villagomez
|
0-0: Called Strike 0-1: Ball 1-1: Swinging Strike 1-2: Strikes out looking
|
|
Batting: LHB Chris Redhead
|
0-0: Called Strike 0-1: Ball 1-1: DOUBLE (Flyball, 78D, EV 95.6 MPH)
|
|
Batting: RHB Juan Zamora
|
0-0: Called Strike 0-1: Ground out 1-3 (Groundball, 15, EV 71.2 MPH)
|
| Top of the 5th over - 0 runs, 1 hit, 0 errors, 1 left on base; Dayton 3 - South Bend 0 |
| BOTTOM OF THE 5TH |
|
South Bend Cubs batting - Pitching for Dayton Dragons : LHP Jason St. Clair
|
|
Batting: RHB Bill Holmes
|
0-0: Ball 1-0: Ground out 5-3 (Groundball, 56, EV 97.5 MPH)
|
|
Batting: RHB Josh Burns
|
0-0: Ball 1-0: Ball 2-0: Foul Ball, location: 2F 2-1: Swinging Strike 2-2: Ground out 4-3 (Groundball, 13, EV 78.1 MPH)
|
|
Batting: RHB Ryan Bush
|
0-0: Ball 1-0: Called Strike 1-1: DOUBLE (Groundball, 5L, EV 95.0 MPH)
|
|
Batting: RHB Victor Ramirez
|
0-0: Called Strike 0-1: Ball 1-1: Called Strike 1-2: Strikes out swinging
|
| Bottom of the 5th over - 0 runs, 1 hit, 0 errors, 1 left on base; Dayton 3 - South Bend 0 |
| TOP OF THE 6TH |
|
Dayton Dragons batting - Pitching for South Bend Cubs : LHP Mike Anderson
|
|
Batting: RHB Jon Marquez
|
0-0: Ground out 5-3 (Groundball, 56, EV 78.1 MPH)
|
|
Batting: RHB Alex Juarez
|
0-0: Ground out U3 (Groundball, 34, EV 85.0 MPH)
|
|
Batting: RHB Nick Cottrell
|
0-0: Ball 1-0: Ball 2-0: Called Strike 2-1: Ball 3-1: Called Strike 3-2: Ground out 4-3 (Groundball, 4, EV 82.5 MPH)
|
| Top of the 6th over - 0 runs, 0 hits, 0 errors, 0 left on base; Dayton 3 - South Bend 0 |
| BOTTOM OF THE 6TH |
|
South Bend Cubs batting - Pitching for Dayton Dragons : LHP Jason St. Clair
|
|
Batting: RHB Dan Orozco
|
0-0: Called Strike 0-1: Swinging Strike 0-2: Strikes out swinging
|
|
Batting: RHB Adrian Cox
|
0-0: Ball 1-0: SINGLE (Groundball, 56S, EV 75.6 MPH) (infield hit)
|
|
Batting: RHB Erik Smith
|
0-0: Called Strike 0-1: Called Strike 0-2: 2-RUN HOME RUN (Flyball, 7D, EV 100.6 MPH), Distance : 399 ft
|
|
Batting: RHB Mike Stein
|
0-0: Ball 1-0: Ball 2-0: Called Strike 2-1: Swinging Strike 2-2: Foul Ball, location: 2F 2-2: Foul Ball, location: 2F 2-2: Strikes out swinging
|
|
Batting: RHB Mike Hill
|
0-0: Swinging Strike 0-1: Ball 1-1: Foul Ball, location: 2F 1-2: Ball 2-2: Foul Ball, location: 2F 2-2: Foul Ball, location: 2F 2-2: Fly out, F7 (Flyball, 7, EV 95.0 MPH)
|
| Bottom of the 6th over - 2 runs, 2 hits, 0 errors, 0 left on base; Dayton 3 - South Bend 2 |
| TOP OF THE 7TH |
|
Dayton Dragons batting - Pitching for South Bend Cubs : LHP Mike Anderson
|
|
Pitching: RHP Melvin Orengo
|
|
|
Batting: RHB John Hopkins
|
0-0: Swinging Strike 0-1: Ball 1-1: DOUBLE (Groundball, 3L, EV 103.1 MPH)
|
|
Batting: RHB Alex de Leon
|
0-0: Ball 1-0: Called Strike 1-1: Called Strike 1-2: Fly out, F8 (Flyball, 89M, EV 88.1 MPH)
|
|
Batting: SHB Jaivata Mohanty
|
0-0: Called Strike 0-1: Called Strike 0-2: Foul Ball, location: 2F 0-2: Ball 1-2: Ball 2-2: Strikes out swinging
|
|
Batting: RHB Alex Villagomez
|
0-0: Swinging Strike 0-1: Called Strike 0-2: Ball 1-2: Ball 2-2: Foul Ball, location: 2F 2-2: Foul Ball, location: 2F 2-2: Foul Ball, location: 2F 2-2: Ball 3-2: Strikes out swinging
|
| Top of the 7th over - 0 runs, 1 hit, 0 errors, 1 left on base; Dayton 3 - South Bend 2 |
| BOTTOM OF THE 7TH |
|
South Bend Cubs batting - Pitching for Dayton Dragons : LHP Jason St. Clair
|
|
Batting: RHB Bill Holmes
|
0-0: Ground out U3 (Groundball, 3, EV 90.0 MPH)
|
|
Batting: RHB Josh Burns
|
0-0: Ground out 6-3 (Groundball, 6M, EV 79.4 MPH)
|
|
Batting: RHB Ryan Bush
|
0-0: Called Strike 0-1: Called Strike 0-2: Ball 1-2: SINGLE (Groundball, 56D, EV 109.4 MPH)
|
|
Batting: RHB Victor Ramirez
|
0-0: Foul Ball, location: 2F 0-1: Called Strike 0-2: DOUBLE (Line Drive, 89D, EV 100.6 MPH) Ryan Bush to third
|
|
Batting: RHB Dan Orozco
|
0-0: Foul Ball, location: 2F 0-1: Ball 1-1: Called Strike 1-2: Foul Ball, location: 2F 1-2: Strikes out swinging
|
| Bottom of the 7th over - 0 runs, 2 hits, 0 errors, 2 left on base; Dayton 3 - South Bend 2 |
| TOP OF THE 8TH |
|
Dayton Dragons batting - Pitching for South Bend Cubs : RHP Melvin Orengo
|
|
Pitching: RHP Steve Vint
|
|
|
Batting: LHB Chris Redhead
|
0-0: Called Strike 0-1: Ball 1-1: Ball 2-1: Ball 3-1: Base on Balls
|
|
Batting: RHB Juan Zamora
|
0-0: Grounds into double play, 6-4-3 (Groundball, 6, EV 88.1 MPH)
|
|
Batting: RHB Jon Marquez
|
0-0: Foul Ball, location: 2F 0-1: Swinging Strike 0-2: Foul Ball, location: 2F 0-2: Ball 1-2: Strikes out swinging
|
| Top of the 8th over - 0 runs, 0 hits, 0 errors, 0 left on base; Dayton 3 - South Bend 2 |
| BOTTOM OF THE 8TH |
|
South Bend Cubs batting - Pitching for Dayton Dragons : LHP Jason St. Clair
|
|
Now at 1B: Drew Forbess
|
|
|
Now at 2B: Juan Zamora
|
|
|
Now at 3B: Nick Cottrell
|
|
|
Now in CF: Pat Mage
|
|
|
Batting: RHB Adrian Cox
|
0-0: Called Strike 0-1: Ball 1-1: Foul Ball, location: 2F 1-2: Ground out 4-3 (Groundball, 4, EV 98.1 MPH)
|
|
Batting: RHB Erik Smith
|
0-0: Called Strike 0-1: Foul Ball, location: 2F 0-2: Strikes out swinging
|
|
Batting: RHB Mike Stein
|
0-0: Called Strike 0-1: Ball 1-1: Ball 2-1: Ball 3-1: Called Strike 3-2: SINGLE (Groundball, 56D, EV 93.8 MPH)
|
|
Batting: RHB Mike Hill
|
0-0: Called Strike 0-1: Swinging Strike 0-2: Hit by Pitch Mike Stein to second
|
|
Batting: RHB Bill Holmes
|
0-0: Ball 1-0: Called Strike 1-1: Foul Ball, location: 2F 1-2: Strikes out swinging
|
| Bottom of the 8th over - 0 runs, 1 hit, 0 errors, 2 left on base; Dayton 3 - South Bend 2 |
| TOP OF THE 9TH |
|
Dayton Dragons batting - Pitching for South Bend Cubs : RHP Steve Vint
|
|
Batting: RHB Drew Forbess
|
0-0: Swinging Strike 0-1: Foul Ball, location: 2F 0-2: Ball 1-2: Ball 2-2: Foul Ball, location: 2F 2-2: Ball 3-2: Base on Balls
|
|
Batting: RHB Nick Cottrell
|
0-0: Ball 1-0: Bunted foul 1-1: Bunted foul 1-2: Foul Ball, location: 2F 1-2: Reached on error, E6 (Groundball, 6M, EV 86.9 MPH) Drew Forbess to second
|
|
Pinch Runner at 2nd Phil Lomax:
|
|
|
Batting: RHB John Hopkins
|
0-0: Ball 1-0: Sac Bunt to 13S - play at first, batter OUT! 1-4 Phil Lomax to third Nick Cottrell to second
|
|
Batting: RHB Alex de Leon
|
0-0: Intentional Walk
|
|
DELAY
|
Rain delay of 12 minutes in the 9th inning.
|
|
Pitching: LHP Gilberto Alvarado
|
|
|
Batting: RHB Pat Mage
|
0-0: Called Strike 0-1: Ball 1-1: Fly out, F7 (Flyball, 78S, EV 91.9 MPH)
|
|
Batting: RHB Alex Villagomez
|
0-0: Ball 1-0: Ball 2-0: Called Strike 2-1: DOUBLE (Flyball, 89D, EV 104.4 MPH) Phil Lomax scores Nick Cottrell scores Alex de Leon to third Runner from 3rd tries for Home, SAFE, no throw by RF
|
|
Pinch Hitting: RHB Armando Moz
|
0-0: Ball Wild Pitch! Alex Villagomez to third 1-0: Called Strike 1-1: Ball 2-1: Reached on error, E5 (Groundball, 56S, EV 78.8 MPH) Alex Villagomez scores
|
|
Batting: RHB Juan Zamora
|
0-0: Ball 1-0: Ball 2-0: Swinging Strike 2-1: Ground out 6-3 (Groundball, 4MS, EV 87.5 MPH)
|
| Top of the 9th over - 4 runs, 1 hit, 2 errors, 1 left on base; Dayton 7 - South Bend 2 |
| BOTTOM OF THE 9TH |
|
South Bend Cubs batting - Pitching for Dayton Dragons : LHP Jason St. Clair
|
|
Now at 1B: Bobby Matyas
|
|
|
Now in RF: Phil Lerner
|
|
|
Batting: RHB Josh Burns
|
0-0: Ball 1-0: Fly out, F7 (Line Drive, 78M, EV 88.1 MPH)
|
|
Batting: RHB Ryan Bush
|
0-0: Swinging Strike 0-1: Ball 1-1: Called Strike 1-2: Foul Ball, location: 2F 1-2: Fly out, F8 (Flyball, 8RD, EV 103.8 MPH)
|
|
Batting: RHB Victor Ramirez
|
0-0: Ball 1-0: Ball 2-0: Called Strike 2-1: Ball 3-1: Called Strike 3-2: Ground out U3 (Groundball, 3, EV 106.2 MPH)
|
| Bottom of the 9th over - 0 runs, 0 hits, 0 errors, 0 left on base; Dayton 7 - South Bend 2 |
|